Map: Ruins of Seras

Players

Seither - Winner!

  • Race: Terran Terran
  • League: Master

Thrasher

  • Race: Protoss Protoss

VOD

Have the link to the VOD?

Description

Time

  • Played on: Dec. 15, 2015, 4:15 a.m.
  • Length: 10:54
Show
View Real Time Build Order
Export as new Build Order

Seither Terran - Winner!

Build Orders: Reaper Expand, MMM Bio 

Get SALT Encoding   

  12  0:00  SCV  
  13  0:12  SCV  
  14  0:18  Supply Depot  
  14  0:24  SCV  
  15  0:39  SCV  
  15  0:41  Barracks  
  16  0:46  Refinery  
  16  0:51  SCV  
  17  1:05  SCV  
  18  1:17  SCV  
  19  1:29  Reaper  
  19  1:30  Orbital Command  
  20  1:46  Command Center  
  20  1:55  Supply Depot  
  20  1:57  SCV  
  21  2:01  Barracks Reactor  
  21  2:09  SCV  
  21  2:12  Refinery  
  22  2:21  SCV  
  23  2:25  Factory  
  23  2:33  SCV  
  24  2:39  Marine  
  24  2:42  Marine  
  24  2:43  Bunker  
  26  2:45  SCV  
  27  2:57  SCV  
  28  3:00  Marine x2  
  28  3:01  Orbital Command  
  30  3:10  SCV  
  30  3:11  Factory Tech Lab  
  30  3:20  Starport  
  30  3:26  Marine x2  
  32  3:29  SCV  
  32  3:31  SCV  
  34  3:37  Cyclone  
  37  3:41  SCV  
  37  3:43  SCV  
  37  3:48  Supply Depot  
  39  3:49  Marine  
  39  3:50  Marine  
  39  3:54  SCV  
  39  3:55  SCV  
  43  3:57  Medivac  
  44  4:06  SCV  
  44  4:07  SCV  
  44  4:13  Marine x2  
  44  4:15  Siege Tank  
  49  4:18  SCV  
  49  4:19  SCV  
  49  4:23  Supply Depot  
  51  4:25  Supply Depot  
  51  4:28  Liberator  
  51  4:30  SCV  
  52  4:31  SCV  
  52  4:33  Marine  
  52  4:36  Supply Depot  
  54  4:45  SCV x2, Marine  
  60  4:48  Supply Depot  
  60  4:51  Marine  
  61  4:53  Siege Tank  
  61  4:57  SCV x2  
  66  5:02  Marine  
  67  5:07  Barracks  
  67  5:09  SCV x2, Barracks, Marine  
  67  5:10  Refinery  
  67  5:13  Engineering Bay  
  70  5:17  Liberator  
  66  5:33  SCV x2  
  71  5:45  SCV x2  
  71  5:48  Siege Tank  
  76  5:50  Marine x2  
  76  5:51  Barracks  
  76  5:52  Barracks  
  76  5:56  Refinery  
  78  5:57  Supply Depot x2, Barracks Tech Lab x2  
  78  6:02  SCV x2  
  80  6:05  Terran Infantry Weapons Level 1  
  80  6:08  Command Center, Marine x2  
  82  6:14  SCV  
  82  6:15  Supply Depot x2  
  82  6:16  Marine  
  84  6:19  Starport Reactor  
  84  6:26  Medivac  
  86  6:33  Factory Reactor  
  86  6:34  Marine x2  
  86  6:35  SCV x2, Stimpack  
  86  6:39  Supply Depot  
  90  6:40  Supply Depot  
  90  6:41  Barracks Reactor  
  87  6:47  SCV  
  87  6:48  SCV  
  87  6:51  Marauder x3  
  95  6:59  SCV  
  95  7:00  SCV  
  94  7:03  Combat Shields  
  94  7:04  Supply Depot, Concussive Shells  
  94  7:05  Supply Depot  
  94  7:11  Bunker x2  
  94  7:12  Bunker  
  94  7:14  Bunker, Liberator x2  
  94  7:18  Marauder, Marine x2  
  94  7:19  Marauder  
  94  7:22  Orbital Command  
  105  7:38  SCV  
  105  7:39  SCV  
  107  7:47  Orbital Command  
  107  7:48  Marauder x2, Marine x2  
  113  7:59  Terran Infantry Armor Level 1  
  113  8:04  Orbital Command  
  107  8:10  Marauder x3, Marine x3  
  116  8:25  Marine  
  117  8:28  Refinery  
  117  8:31  Marauder  
  117  8:32  Marauder  
  121  8:35  SCV x2  
  123  8:43  Factory Reactor  
  122  8:50  SCV x2  
  122  8:53  Marine  
  122  8:54  Marauder x3  
  122  8:55  Missile Turret  
  127  9:00  Missile Turret  
  127  9:02  Medivac x2  
  131  9:06  Armory, SCV x2  
  131  9:07  Engineering Bay  
  133  9:13  Missile Turret  
  133  9:17  Marauder, Marine x2  
  133  9:18  Refinery, Marauder x2  
  133  9:21  SCV x3  
  133  9:23  Missile Turret  
  141  9:30  Widow Mine x2  
  138  9:32  Marine, Medivac x2  
  138  9:33  SCV x2  
  138  9:34  SCV  
  146  9:39  Marauder x2  
  150  9:45  SCV  
  150  9:46  Marauder, SCV, Marine, Supply Depot  
  155  9:56  SCV  
  155  9:57  SCV, Marine x3  
  155  9:58  SCV  
  161  10:00  Marauder x2  
  161  10:04  Supply Depot  
  161  10:06  Supply Depot  
  165  10:09  Marine x2  
  165  10:10  SCV x2  
  167  10:22  Marauder, Marine x2  
  167  10:23  Marauder  
  167  10:27  Marauder  
  173  10:36  Marine x2  
  173  10:37  SCV x2  
Show
View Real Time Build Order
Export as new Build Order

Thrasher Protoss 

Build Orders: Blink Stalkers 

Get SALT Encoding   

  12  0:01  Probe (Chrono Boost)  
  13  0:11  Probe (Chrono Boost)  
  14  0:18  Pylon  
  14  0:23  Probe (Chrono Boost)  
  15  0:36  Probe (Chrono Boost)  
  16  0:47  Probe (Chrono Boost)  
  17  0:57  Probe (Chrono Boost)  
  18  1:06  Nexus  
  18  1:16  Gateway  
  18  1:22  Assimilator  
  18  1:25  Probe (Chrono Boost)  
  19  1:35  Probe (Chrono Boost)  
  19  1:36  Assimilator  
  20  1:50  Gateway  
  20  1:52  Pylon  
  20  1:56  Probe (Chrono Boost)  
  21  2:08  Cybernetics Core  
  20  2:17  Probe (Chrono Boost)  
  20  2:19  Probe (Chrono Boost)  
  22  2:27  Probe (Chrono Boost)  
  22  2:29  Probe (Chrono Boost)  
  24  2:38  Probe (Chrono Boost)  
  24  2:40  Probe (Chrono Boost)  
  26  2:45  Adept x2 (Chrono Boost)  
  26  2:48  Warp Gate  
  31  2:51  Probe  
  31  2:53  Probe  
  32  3:02  Twilight Council  
  31  3:16  Probe  
  31  3:17  Probe  
  32  3:24  Sentry x2 (Chrono Boost)  
  36  3:29  Probe x2 (Chrono Boost)  
  38  3:37  Pylon  
  38  3:39  Probe (Chrono Boost)  
  38  3:40  Probe (Chrono Boost)  
  40  3:51  Mothership Core (Chrono Boost), Probe (Chrono Boost)  
  43  3:55  Blink (Chrono Boost)  
  43  4:01  Probe (Chrono Boost)  
  44  4:08  Probe (Chrono Boost)  
  43  4:12  Probe (Chrono Boost)  
  42  4:18  Probe  
  42  4:19  Pylon  
  42  4:22  Assimilator  
  42  4:23  Probe  
  44  4:27  Assimilator  
  44  4:28  Probe  
  44  4:30  Stalker  
  44  4:31  Stalker  
  49  4:37  Gateway  
  49  4:39  Gateway  
  49  4:41  Gateway  
  49  4:43  Probe  
  50  4:47  Pylon  
  50  4:48  Probe  
  51  4:56  Probe  
  52  5:04  Probe  
  53  5:08  Probe  
  53  5:10  Pylon  
  53  5:13  Gateway  
  54  5:15  Probe  
  54  5:16  Gateway  
  54  5:17  Pylon  
  53  5:33  Stalker x2  
  55  5:45  Mothership Core  
  55  5:49  Stalker x2  
  61  5:50  Stalker  
  63  5:58  Stalker, Pylon  
  63  6:00  Stalker  
  63  6:01  Forge  
  63  6:03  Pylon  
  67  6:07  Probe  
  67  6:09  Probe (Chrono Boost)  
  69  6:17  Pylon  
  69  6:23  Probe x2 (Chrono Boost)  
  71  6:30  Stalker x4  
  71  6:31  Stalker  
  82  6:40  Probe x2 (Chrono Boost)  
  78  6:56  Probe x2 (Chrono Boost)  
  80  7:04  Stalker x3  
  80  7:05  Stalker x3  
  80  7:06  Probe (Chrono Boost)  
  80  7:07  Probe (Chrono Boost)  
  85  7:23  Probe (Chrono Boost)  
  85  7:24  Probe (Chrono Boost)  
  87  7:34  Probe x2 (Chrono Boost)  
  89  7:42  Dark Shrine  
  89  7:43  Protoss Ground Armor Level 1 (Chrono Boost)  
  89  7:46  Probe  
  89  7:47  Probe  
  65  8:07  Stalker  
  65  8:08  Stalker x3  
  65  8:09  Stalker x3  
  79  8:22  Nexus  
  79  8:31  Probe  
  79  8:32  Probe  
  81  8:42  Probe  
  81  8:45  Templar Archives, Probe  
  81  9:01  Zealot x2  
  81  9:02  Zealot  
  87  9:03  Dark Templar x2  
  87  9:04  Dark Templar x2  
  95  9:10  Probe  
  95  9:11  Probe  
  95  9:16  Psionic Storm  
  91  9:26  High Templar x2  
  87  9:35  Probe  
  87  9:37  Probe x2  
  90  9:42  Dark Templar  
  92  9:50  Probe  
  92  9:51  Nexus  
  92  9:52  Probe  
  94  10:03  High Templar x2  
  94  10:04  Zealot x2  
  94  10:05  Zealot  
  94  10:29  Stalker  
  94  10:30  Stalker x4  
  79  10:46  Zealot  
  79  10:47  Zealot  
  79  10:48  Archon  
  55  10:50  Archon  
Tags
 
Add a new tag
Caveats
  • Supply blocks, unpowered buildings, or Contaminate may cause inaccurate times.
  • Supply counts are checked every 10 seconds.